 Dungeon Crawl Stone Soup version 0.31-a0-145-g046c7d2549 (webtiles) character file.

Game seed: 5901193841072024743

58363 night the Marksdemigod (level 14, 0/122 HPs)
             Began as a Demigod Hunter on June 5, 2023.
             Killed by divine providence
             ... invoked by a meliai
              (14 damage)
             ... on level 12 of the Dungeon.
             The game lasted 00:47:16 (18833 turns).

night the Marksdemigod (Demigod Hunter)            Turns: 18833, Time: 00:47:17

Health: 0/122      AC: 12    Str: 12    XL:     14   Next: 14%
Magic:  17/17      EV: 48    Int: 15    God:
Gold:   1208       SH:  0    Dex: 29    Spells: 13/13 levels left

rFire   + . .        a - +2 longbow (flame)
rCold   . . .        (shield currently unavailable)
rNeg    . . .        F - +2 steam dragon scales
rPois   .            K - +0 helmet
rElec   .            l - +0 cloak
rCorr   .            d - +1 pair of gloves {Stlth+}
SInv    .            s - +0 pair of boots
Will    +....        g - amulet of the acrobat
Stlth   +++          o - ring of protection from fire
HPRegen 0.40/turn    f - +5 ring of evasion
MPRegen 0.15/turn

%: acrobat
@: lethally poisoned (0 -> -1), acrobatic, studying Maces & Flails
A: high MP 1, forlorn, divine attributes
a: no special abilities


You were on level 12 of the Dungeon.
You visited 2 branches of the dungeon, and saw 17 of its levels.
You also visited: Bailey and Gauntlet.

You collected 1532 gold pieces.
You spent 324 gold pieces at shops.

Inventory:

Hand Weapons
 a - a +2 longbow of flaming (weapon)
 b - a +0 heavy arbalest
Missiles
 G - a throwing net
 W - 3 curare-tipped darts
Armour
 d - a +1 pair of gloves of stealth (worn)
 l - a +0 cloak (worn)
 q - a +2 ring mail of positive energy
 s - a +0 pair of boots (worn)
 x - +0 fire dragon scales
 F - +2 steam dragon scales (worn)
 K - a +0 helmet (worn)
Jewellery
 f - a +5 ring of evasion (right hand)
 g - an amulet of the acrobat (around neck)
 h - a ring of flight
 o - a ring of protection from fire (left hand)
 t - the amulet "Xepoce" {Faith rPois Str-5 Slay+6}
   (You found it in a Gauntlet)

   [amulet of faith]

   It allows you to gain divine favour quickly.
   Str:       It affects your strength (-5).
   Slay:      It affects your accuracy & damage with ranged weapons and melee
   (+6).
   rPois:     It protects you from poison.
 u - a ring of fire
 v - the ring of Waor {Contam rF+++ rCorr Stlth+}
   (You found it on level 4 of the Lair of Beasts)

   [ring of resist corrosion]

   rF:        It renders you almost immune to fire.
   Contam:    It causes magical contamination when unequipped.
   rCorr:     It protects you from acid and corrosion.
   Stlth:     It makes you more stealthy.
 P - a ring of protection from fire
 S - a ring of fire
 U - the amulet of Lytwaq {RegenMP Will+}
   (You found it on level 1 of the Lair of Beasts)

   [amulet of magic regeneration]

   It increases your rate of magic regeneration.
   Will:      It increases your willpower.
 Y - the ring "Etyog" {rElec rCorr Int+6}
   (You found it in a Gauntlet)

   [ring of intelligence]

   Int:       It affects your intelligence (+6).
   rElec:     It insulates you from electricity.
   rCorr:     It protects you from acid and corrosion.
Wands
 c - a wand of paralysis (4)
 y - a wand of flame (27)
 B - a wand of iceblast (16)
 N - a wand of polymorph (9)
Scrolls
 e - 3 scrolls of immolation
 j - 3 scrolls of amnesia
 n - 3 scrolls of vulnerability
 p - 9 scrolls of enchant armour
 w - 5 scrolls of fear
 D - 6 scrolls of teleportation
 E - a scroll of silence
 I - a scroll of butterflies
 M - 3 scrolls of magic mapping
 Q - a scroll of brand weapon
 X - 2 scrolls of identify
Potions
 i - 4 potions of curing
 k - 4 potions of attraction
 m - 3 potions of enlightenment
 r - 4 potions of might
 z - 3 potions of heal wounds
 A - a potion of cancellation
 C - 2 potions of lignification {unknown}
 H - 3 potions of resistance {unknown}
 J - 4 potions of berserk rage
 L - 3 potions of haste
 O - a potion of magic {unknown}
 R - a potion of mutation {unknown}
Miscellaneous
 T - a lightning rod (4/4)
 V - a phantom mirror
 Z - a piece from Xom's chessboard (15/15)


   Skills:
 + Level 10.9 Fighting
 * Level 15.4 Ranged Weapons
 * Level 15.1 Dodging
 - Level 0.8 Stealth


You had 13 spell levels left.
You didn't know any spells.
Your spell library contained the following spells:

 Spells                   Type           Power      Damage    Failure   Level
 Apportation              Tloc           0%         N/A       26%         1
 Magic Dart               Conj           0%         1d3       26%         1
 Blink                    Tloc           0%         N/A       38%         2
 Lesser Beckoning         Tloc           0%         N/A       38%         2
 Momentum Strike          Conj/Tloc      0%         3d8       38%         2
 Scorch                   Fire           0%         2d5       38%         2
 Searing Ray              Conj           0%         2d4       38%         2
 Anguish                  Hex/Necr       0%         N/A       95%         4
 Cause Fear               Hex            0%         N/A       95%         4
 Flame Wave               Conj/Fire      0%         2d4       95%         4
 Fulminant Prism          Conj/Hex       0%         3d5       95%         4
 Passage of Golubria      Tloc           0%         N/A       95%         4
 Alistair's Intoxication  Tmut/Pois      0%         N/A       100%        5
 Silence                  Hex/Air        0%         N/A       100%        5
 Summon Cactus Giant      Summ           0%         N/A       100%        6
 Enfeeble                 Hex            0%         N/A       100%        7
 Lehudib's Crystal Spear  Conj/Erth      0%         10d2      100%        8


Dungeon Overview and Level Annotations

Branches:
Dungeon (12/15)            Temple (0/1) D:7            Lair (5/5) D:11
  Swamp (0/4) Lair:2        Snake (0/4) Lair:3        Slime (0/5) Lair:5
 Bailey (visited)         Gauntlet (visited)
    Orc: D:9-12

Shops:
D:5 [   D:6 [:=![?


Innate Abilities, Weirdness & Mutations

You have an increased reservoir of magic. (+10% MP)
You shall have no god before yourself.
Your divine heritage dramatically boosts your attributes as you level up.


Message History

The killer bee completely misses you. x2
The killer bee stings you but does no damage.
The killer bee stings you.
You are poisoned.
The killer bee poisons you!
You are too injured to fight recklessly!
You are too injured to fight recklessly!
You are too injured to fight recklessly!
You are too injured to fight recklessly!
You shoot an arrow.
The arrow closely misses the killer bee.
You feel very sick. The killer bee completely misses you.
The killer bee barely misses you.
The meliai calls down the wrath of its god upon you.
Something smites you!
* * * LOW HITPOINT WARNING * * *
You shoot an arrow. The arrow hits the killer bee!
The arrow burns the killer bee.
You kill the killer bee!
You feel sick. The killer bee closely misses you.
You shoot an arrow. The arrow misses the killer bee.
You feel sick.
The killer bee misses you. x2; The killer bee completely misses you.
You feel sick. The killer bee completely misses you.
The killer bee attacks as you move away!
The killer bee completely misses you.
You feel sick.
The killer bee completely misses you. x2
The killer bee attacks as you move away!
The killer bee completely misses you.
The killer bee attacks as you move away!
The killer bee completely misses you.
You feel sick.
The killer bee completely misses you. x3
You feel sick. The killer bee misses you. The killer bee completely misses you.
The meliai calls down the wrath of its god upon you.
Something smites you!
* * * LOW HITPOINT WARNING * * *
The killer bee attacks as you move away!
The killer bee completely misses you.
You feel sick.
The meliai invokes the aid of its god against you.
Something smites you!
You die...

........#..(..#
#....
#....###.........#
.... ####....#
#...####..# ...
........# #...#
#..... ..
........# #...#
.... .......#
#..## ##.. #<...#
#..# .. ##
#....###..# †..
#...@yy...# y...
#....yyy..# yy†.†
#....y....#...†..
#...####.y††....!
...........#######
..............
................
################


You could see 3 meliai and 4 killer bees.

Vanquished Creatures
  Nessos (Lair:4)
  A minotaur (Gauntlet)
  2 vault guards (Bailey)
  2 fire dragons (Lair:5)
  4 hydras
  4 death yaks (Lair:5)
  2 two-headed ogres (D:9)
  A skyshark (Lair:4)
  A fire crab (Gauntlet)
  A swamp dragon (Lair:5)
  A lindwurm (Lair:5)
  Pikel (D:6)
  A faun (Lair:5)
  3 cyclopes
  16 elephants
  An ugly thing (Gauntlet)
  7 black mambas
  A gargoyle (D:10)
  5 torpor snails (Lair:5)
  Maggie (D:7)
  An unseen horror (D:12)
  8 cane toads
  A minotaur zombie (Gauntlet)
  13 komodo dragons
  4 rime drakes
  4 polar bears
  4 tyrant leeches (Lair:5)
  A queen bee (D:12)
  8 hornets
  4 trolls
  Prince Ribbit (Bailey)
  24 blink frogs
  7 humans (Bailey)
  2 fire bats (Gauntlet)
  5 wyverns
  31 yaks
  8 basilisks
  5 vampire mosquitoes (D:10)
  4 steam dragons
  2 nagas (Lair:3)
  13 water moccasins
  4 acid dragons
  5 orc warriors
  2 ice beasts
  3 black bears
  3 swamp drakes (Lair:5)
  2 ogres
  11 wolves
  5 centaurs
  A lemure (D:6)
  A kobold brigand (D:8)
  Blork the orc (D:5)
  26 bullfrogs
  3 scorpions
  12 wights
  30 killer bees
  3 electric eels
  2 hounds
  A jelly (D:5)
  A gnoll bouda (D:6)
  3 orc priests
  Jessica (D:3)
  13 iguanas
  Terence (D:3)
  5 hell rats (Lair:4)
  Natasha (thrice) (D:3)
  10 orc wizards
  4 sleepcaps
  8 gnolls
  4 adders
  A shadow imp (D:7)
  2 ufetubi
  A worm (D:5)
  A dart slug (D:2)
  40 orcs
  10 ball pythons
  4 endoplasms
  6 giant cockroaches
  14 goblins
  4 hobgoblins
  20 kobolds
  4 quokkas
  4 bats
  4 rats
489 creatures vanquished.

Vanquished Creatures (others)
  A human (D:7)
1 creature vanquished.

Grand Total: 490 creatures vanquished

Notes
Turn   | Place    | Note
-------+----------+-------------------------------------------
     0 | D:1      | night the Demigod Hunter began the quest for the Orb.
     0 | D:1      | Reached XP level 1. HP: 17/17 MP: 3/3
   122 | D:1      | Reached skill level 2 in Fighting
   122 | D:1      | Reached skill level 2 in Dodging
   136 | D:1      | Reached XP level 2. HP: 15/24 MP: 4/4
   667 | D:1      | Reached XP level 3. HP: 29/29 MP: 5/5
  1621 | D:3      | Noticed Terence
  1628 | D:3      | Killed Terence
  1804 | D:3      | Noticed Natasha
  1812 | D:3      | Killed Natasha
  1813 | D:3      | Reached XP level 4. HP: 21/37 MP: 6/6
  1962 | D:3      | Noticed Jessica
  1991 | D:3      | Killed Jessica
  1998 | D:3      | HP: 5/37 [orc priest/+0 mace (6)]
  1999 | D:3      | HP: 1/37 [orc priest/+0 mace (4)]
  2002 | D:3      | Reached XP level 5. HP: 12/42 MP: 7/7
  2208 | D:3      | Noticed Natasha
  2216 | D:3      | Killed Natasha
  2259 | D:3      | Noticed Natasha
  2266 | D:3      | Killed Natasha
  2267 | D:3      | Reached skill level 5 in Ranged Weapons
  2996 | D:4      | Noticed an ogre
  3006 | D:4      | Killed an ogre
  3007 | D:4      | Reached XP level 6. HP: 51/51 MP: 8/8
  3378 | D:5      | Entered Level 5 of the Dungeon
  3378 | D:5      | Found Duideud's Armour Shop.
  3436 | D:5      | Bought a +2 ring mail of positive energy for 216 gold
                  | pieces
  3513 | D:5      | Noticed Blork the orc
  3524 | D:5      | Killed Blork the orc
  3833 | D:5      | Reached XP level 7. HP: 35/57 MP: 9/9
  4005 | D:5      | Reached skill level 5 in Dodging
  4594 | D:6      | Found Alikkock's Distillery.
  4607 | D:6      | Bought a potion of heal wounds for 60 gold pieces
  4611 | D:6      | Reached XP level 8. HP: 66/66 MP: 10/10
  4758 | D:6      | Found Veroa's Armour Shop.
  4777 | D:6      | Found Efahaif's Book Shop.
  4787 | D:6      | Found Ineiptu's Jewellery Emporium.
  4886 | D:6      | Found Riek's Antique Armour Shoppe.
  4888 | D:6      | Noticed Pikel
  4923 | D:6      | Killed Pikel
  5285 | D:6      | Found Rosmulos's Magic Scroll Emporium.
  5292 | D:6      | Bought a scroll of identify for 24 gold pieces
  5292 | D:6      | Bought a scroll of identify for 24 gold pieces
  5414 | D:6      | Reached skill level 5 in Fighting
  5640 | D:7      | Noticed Maggie
  5671 | D:7      | Killed Maggie
  5672 | D:7      | Reached XP level 9. HP: 37/74 MP: 11/11
  6511 | D:7      | Found a staircase to the Ecumenical Temple.
  6973 | D:8      | Found a flagged portal.
  7008 | Bailey   | Entered a bailey
  7161 | Bailey   | Noticed a vault guard
  7189 | Bailey   | Killed a vault guard
  7190 | Bailey   | Reached XP level 10. HP: 50/84 MP: 13/13
  7306 | Bailey   | Noticed Prince Ribbit
  7306 | Bailey   | Noticed a vault guard
  7322 | Bailey   | Killed a vault guard
  7324 | Bailey   | Killed Prince Ribbit
  7325 | Bailey   | Reached skill level 10 in Ranged Weapons
  8451 | D:9      | Reached skill level 10 in Dodging
  8456 | D:9      | Noticed a two-headed ogre
  8459 | D:9      | Killed a two-headed ogre
  8725 | D:9      | Noticed a two-headed ogre
  8731 | D:9      | Killed a two-headed ogre
  9012 | D:10     | Entered Level 10 of the Dungeon
  9118 | D:10     | Reached XP level 11. HP: 92/92 MP: 14/14
  9846 | D:10     | HP: 8/93 [troll (13)]
 10945 | D:11     | Found a staircase to the Lair.
 11370 | Lair:1   | Entered Level 1 of the Lair of Beasts
 11483 | Lair:1   | Reached skill level 12 in Ranged Weapons
 12004 | Lair:1   | Identified the amulet of Lytwaq {RegenMP Will+}
 12020 | Lair:1   | Noticed Sonja
 12027 | Lair:1   | HP: 14/95 [Sonja/+2 dagger of distortion (1)]
 12027 | Lair:1   | HP: 1/95 [asphyx]
 12297 | Lair:1   | Sonja changed into Sonja the steam dragon
 12297 | Lair:1   | Noticed Sonja
 12301 | Lair:1   | Killed Sonja the steam dragon
 12814 | Lair:2   | Reached skill level 12 in Dodging
 12858 | Lair:2   | Reached XP level 12. HP: 103/103 MP: 15/15
 12867 | Lair:2   | Found a gate leading to a gauntlet.
 12877 | Gauntlet | Entered a Gauntlet
 12877 | Gauntlet | Found a transporter.
 12886 | Gauntlet | Found a transporter.
 12897 | Gauntlet | Found a transporter.
 12898 | Gauntlet | Found a transporter.
 12906 | Gauntlet | Found a transporter.
 12909 | Gauntlet | Found a transporter.
 12910 | Gauntlet | Found a transporter.
 12919 | Gauntlet | Found a transporter.
 12922 | Gauntlet | Found a transporter.
 12923 | Gauntlet | Found a transporter.
 12927 | Gauntlet | Found a runed translucent door.
 12929 | Gauntlet | Found a runed translucent door.
 12931 | Gauntlet | Found a transporter.
 12934 | Gauntlet | Found a transporter.
 12935 | Gauntlet | Found a transporter.
 12939 | Gauntlet | Noticed a great orb of eyes
 12943 | Gauntlet | Found a transporter.
 13160 | Gauntlet | Identified the amulet "Xepoce" {Faith rPois Str-5 Slay+6}
 13178 | Gauntlet | Identified the ring "Etyog" {rElec rCorr Int+6}
 13193 | Gauntlet | Noticed a minotaur
 13196 | Gauntlet | Killed a minotaur
 13355 | Lair:2   | Found a staircase to the Swamp.
 14109 | Lair:3   | Found a staircase to the Snake Pit.
 14839 | Lair:4   | Noticed Nessos
 14846 | Lair:4   | Killed Nessos
 14993 | Lair:4   | Reached XP level 13. HP: 112/112 MP: 16/16
 15018 | Lair:4   | Identified the ring of Waor {Contam rF+++ rCorr Stlth+}
 15117 | Lair:4   | Reached skill level 14 in Ranged Weapons
 15224 | Lair:4   | You fall into a shaft and drop 1 floor!
 15224 | Lair:5   | Entered Level 5 of the Lair of Beasts
 15867 | Lair:4   | Reached skill level 10 in Fighting
 16019 | Lair:4   | HP: 16/111 [hell rat (12)]
 16440 | Lair:5   | Found a staircase to the Slime Pits.
 16468 | Lair:5   | Reached skill level 14 in Dodging
 17413 | Lair:5   | Found a runed translucent door.
 17523 | Lair:5   | HP: 15/114 [torpor snail (17)]
 17853 | Lair:5   | Reached XP level 14. HP: 122/122 MP: 17/17
 18832 | D:12     | HP: 15/122 [meliai/divine providence (13)]
 18833 | D:12     | Killed from afar by a meliai

Illustrated notes

Levels and vault maps discovered:
D:1:      nagdon_arrival_zigzag_paths, layout_basic,
          shapermc_ecumenical_altar_totnotflames, minmay_tiny_reverse_x
D:2:      layout_loops_corners
D:3:      layout_loops_cross, kennysheep_okawaru_gauntlet,
          mainiacjoe_overflow_surrounded_room, portal_sewer_entry_b,
          corexii_shack, minmay_misc_feat_encased, uniq_natasha, uniq_jessica,
          uniq_terence
D:4:      layout_loops_ring, old_standard_altar, serial_rivers,
          chequers_serial_rivers_small_b, chequers_serial_rivers_room_a,
          chequers_serial_rivers_small_a, chequers_serial_rivers_large_b
D:5:      layout_rooms, serial_shops, shop, uniq_blork_the_orc
D:6:      layout_basic, lemuel_round_altar, mainiacjoe_overflow_24_doors,
          zin_scriptorium, serial_shops, nicolae_square_shop,
          nicolae_shop_advertising_works [nicolae_subvault_shop_adworks], shop,
          nicolae_shop_pleasant_corner_grove, shop, fountainhead,
          minmay_shop_enchanted_jewellery, uniq_pikel
D:7:      layout_basic, tgw_kikubaaqudgha, minmay_temple_entry_fiery,
          uniq_maggie
D:8:      layout_loops_ring, ashenzari_conservatory_becter, enter_bailey_4,
          dk_vineyard_3
D:9:      layout_cave_pods, nemelex_diamond_rough_becter,
          mainiacjoe_overflow_alcove_4
D:10:     layout_stronghold, fiery_altar_vehumet, hex_tiny,
          small_statue_alley_a, amcnicky_mini_corridor_feature
D:11:     layout_basic, due_lair_maze_entry_diamond,
          nicolae_sif_muna_little_library
D:12:     layout_small_grid, minmay_orc_entry_temple_small, special_room
          [special_room_bee], minivault_26, st_stairs_8,
          lightli_elemental_guards, uniq_rupert
Lair:1:   layout_regular_city, uniq_sonja
Lair:2:   layout_chaotic_city, swamp_mist_pool, gauntlet_entry_generic,
          infiniplex_staircase_pool_2
Lair:3:   layout_loops_ring, guppyfry_snake_entry_island, st_stairs_12,
          nicolae_lair_grove_arrangements, infiniplex_staircase_pool,
          lemuel_fruit_fields
Lair:4:   layout_roguey, pdpol_lair_neglected_garden, minivault_11,
          nicolae_lair_grazing_beasts [nicolae_sub_lair_graze_edge,
          nicolae_sub_lair_graze_edge, nicolae_sub_lair_graze_edge,
          nicolae_sub_lair_graze_edge], grunt_megastairs_1,
          serial_bayou_shore_a, uniq_nessos
Lair:5:   guppyfry_lair_end_dragon, layout_hall_layers, wormcave, slime_entry_1,
          grunt_forest_large_clearings

Skill      XL: |  1  2  3  4  5  6  7  8  9 10 11 12 13 14 |
---------------+-------------------------------------------+-----
Fighting       | 2 3 4 5 6 7 8 9 10 | 10.9
Dodging        | 2 3 4 5 7 9 10 12 13 14 15 | 15.1
Ranged Weapons | 4 5 6 8 9 10 12 13 15 | 15.4
Stealth        | |  0.8

Action                     |  1- 3 |  4- 6 |  7- 9 | 10-12 | 13-15 || total
---------------------------+-------+-------+-------+-------+-------++-------
   Fire: Shortbow          |   121 |   185 |   311 |    37 |       ||   654
         Arbalest          |       |       |    98 |   474 |   243 ||   815
         Longbow           |       |       |       |     2 |   177 ||   179
  Evoke: Wand              |       |       |     4 |     2 |     1 ||     7
    Use: Potion            |       |     1 |       |     3 |     2 ||     6
         Scroll            |       |     6 |     6 |    11 |     1 ||    24
 Armour: Leather armour    |    25 |    12 |       |       |       ||    37
         Ring mail         |       |    12 |    57 |       |       ||    69
         Steam dragon scal |       |       |    35 |   107 |    43 ||   185
  Dodge: Dodged            |    41 |    59 |   235 |   751 |   592 ||  1678

Table legend: (Time is in decaauts)
 A = Elapsed time spent in this place.
 B = Non-inter-level travel time spent in this place.
 C = Inter-level travel time spent in this place.
 D = Time resting spent in this place.
 E = Time spent auto-exploring this place.
 F = Levels seen in this place.
 G = Mean time per level.
                   A        B        C        D        E       F      G
               +--------+--------+--------+--------+--------+-----+--------+
         Total |  19672 |  18985 |    687 |   2172 |  12848 |  19 | 1035.4 |
       Dungeon |  11645 |  11332 |    313 |    844 |   8564 |  12 |  970.4 |
          Lair |   7030 |   6656 |    374 |   1190 |   3828 |   5 | 1406.0 |
        Bailey |    527 |    527 |      0 |      0 |    324 |   1 |  527.0 |
      Gauntlet |    469 |    469 |      0 |    138 |    132 |   1 |  469.0 |
               +--------+--------+--------+--------+--------+-----+--------+

Top non-repeatable levels by time:
  Lair:5: 2207 daAuts
  Lair:4: 1836 daAuts
    D:11: 1715 daAuts
     D:6: 1244 daAuts
  Lair:1: 1238 daAuts
     D:7: 1209 daAuts
    D:10: 1091 daAuts
     D:3: 1042 daAuts
     D:9: 1035 daAuts
     D:5: 966 daAuts
  Lair:2: 956 daAuts
     D:2: 870 daAuts
     D:8: 843 daAuts
  Lair:3: 791 daAuts
     D:4: 777 daAuts
